 Dungeon Crawl Stone Soup version 0.24.0-13-gcf9b319 (webtiles) character file.

Game seed: 7717279556773101520, levelgen mode: deterministic

1133 Fang the Skirmisher (level 8, 0/51 HPs)
             Began as a Gargoyle Berserker on Nov 13, 2019.
             Was a Believer of Trog.
             Slain by a yak (2 damage)
             ... on level 6 of the Dungeon.
             The game lasted 00:04:05 (5048 turns).

Fang the Skirmisher (Gargoyle Berserker)            Turns: 5048, Time: 00:04:06

Health: 0/51       AC:  8    Str: 22    XL:     8   Next: 36%
Magic:  8/8        EV: 13    Int:  9    God:    Trog [**....]
Gold:   230        SH:  0    Dex:  9    Spells: 7/7 levels left

rFire    . . .     SeeInvis .   a - +0 war axe
rCold    . . .     Gourm    .   (no shield)
rNeg     + . .     Faith    .   b - +0 animal skin
rPois    ∞         Spirit   .   (no helmet)
rElec    +         Reflect  .   (no cloak)
rCorr    .         Harm     .   (no gloves)
MR       ++...                  (no boots)
Stlth    ++........             (no amulet)
HPRegen  1.17/turn              i - ring of stealth
MPRegen  0.11/turn              (no ring)

@: regenerating
A: negative energy resistance 1, electricity resistance, unbreathing,
petrification resistance, rot immunity, AC +5
a: Berserk, Trog's Hand, Renounce Religion


You were on level 6 of the Dungeon.
You worshipped Trog.
Trog was pleased with you.
You were not hungry.

You visited 2 branches of the dungeon, and saw 7 of its levels.

You collected 230 gold pieces.

Inventory:

Hand Weapons
 a - a +0 war axe (weapon)
Armour
 b - a +0 animal skin (worn)
Jewellery
 i - a ring of stealth (left hand)
 u - an uncursed ring of stealth
Scrolls
 d - 10 scrolls of identify {unknown}
 h - a scroll of enchant weapon {unknown}
 j - 4 scrolls of fear {unknown}
 k - 5 scrolls of magic mapping {unknown}
 l - 2 scrolls of remove curse {unknown}
 n - 2 scrolls of teleportation {unknown}
 p - 2 scrolls of amnesia {unknown}
 s - a scroll of enchant armour {unknown}
Potions
 e - 2 potions of curing {unknown}
 f - a potion of lignification {unknown}
 g - a potion of berserk rage {unknown}
 m - a potion of haste {unknown}
 o - a potion of ambrosia {unknown}
 q - a potion of resistance {unknown}
 t - a potion of might
 v - a potion of mutation {unknown}
Comestibles
 c - 10 rations


   Skills:
 + Level 6.2 Fighting
 + Level 5.1 Axes
 + Level 5.6 Armour
 + Level 4.2 Dodging


You had 7 spell levels left.
You didn't know any spells.
Your spell library was empty.

Dungeon Overview and Level Annotations

Branches:
Dungeon (6/15)             Temple (1/1) D:4

Altars:
Cheibriados
Hepliaklqana
Sif Muna

Shops:
D:5 *


Innate Abilities, Weirdness & Mutations

You are resistant to torment.
Your stone body is resilient. (AC +5)
You are immune to poison.
You resist negative energy. (rN+)
You are resistant to electric shocks. (rElec)
You can survive without breathing.
You are immune to petrification.
You are immune to rotting.


Message History

You are too injured to fight recklessly!
You are too injured to fight recklessly!
You are too injured to fight recklessly!
You are too injured to fight recklessly!
You are too injured to fight recklessly!
You are too injured to fight recklessly!
You are too injured to fight recklessly!
You are too injured to fight recklessly!
You are too injured to fight recklessly!
You are too injured to fight recklessly!
Your skin crawls.
You feel resistant to hostile enchantments.
You feel quite a bit more hungry.
Trog will no longer gift you ammunition.
The jackal barks!
You hear a bark!
A jackal comes into view.
The yak closely misses you.
The crimson imp hits you but does no damage.
The yak gores you but does no damage. The yak gores you.
You die...

#............
#.#.........=..
#.#...h........
...............
#.#............
.........h.....
.......YY>.....
.......@YY.....
.......5Y......
.......<(....h.
...............
...............
#.#........$...
# #.#..........
..............
#..##..........


You could see 5 yaks, a crimson imp and 3 jackals.

Vanquished Creatures
  Grinder (D:4)
  Duvessa (D:5)
  Blork the orc (D:5)
  A bullfrog (D:6)
  Dowan (D:5)
  A scorpion (D:4)
  2 howler monkeys
  A crimson imp (D:5)
  A bullfrog zombie (D:5)
  3 hounds (D:5)
  A jelly (D:5)
  Crazy Yiuf (D:2)
  A centaur skeleton (D:5)
  Jessica (D:2)
  An orc wizard (D:5)
  3 worker ants (D:4)
  A worker ant zombie (D:5)
  5 adders
  2 shadow imps (D:5)
  2 oozes
  A worm (D:2)
  3 dart slugs
  3 leopard geckos
  12 orcs
  2 ball pythons (D:5)
  3 giant cockroaches
  3 goblins
  2 hobgoblins
  3 jackals (D:3)
  2 quokkas
  4 bats
  5 frilled lizards
  A jackal skeleton (D:5)
  4 kobolds
  7 rats
86 creatures vanquished.

Notes
Turn   | Place    | Note
-------+----------+-------------------------------------------
     0 | D:1      | Fang the Gargoyle Berserker began the quest for the Orb.
     0 | D:1      | Reached XP level 1. HP: 14/14 MP: 1/1
   290 | D:1      | Reached XP level 2. HP: 15/19 MP: 2/2
   512 | D:2      | Noticed Jessica
   521 | D:2      | Killed Jessica
   521 | D:2      | Reached XP level 3. HP: 22/24 MP: 3/3
   654 | D:2      | Found a runed translucent door.
   655 | D:2      | Noticed Crazy Yiuf
   729 | D:2      | Reached XP level 4. HP: 25/29 MP: 4/4
   767 | D:2      | Reached ** piety under Trog
  1022 | D:2      | Killed Crazy Yiuf
  1022 | D:2      | Reached skill level 4 in Fighting
  1556 | D:3      | Reached XP level 5. HP: 33/33 MP: 5/5
  1629 | D:3      | Found a snail-covered altar of Cheibriados.
  2248 | D:4      | Found a staircase to the Ecumenical Temple.
  2260 | Temple   | Entered the Ecumenical Temple
  2295 | D:4      | Noticed Grinder
  2296 | D:4      | Paralysed by Grinder for 4 turns
  2322 | D:4      | HP: 1/34 [Grinder/nerve-wracking pain (4)]
  2342 | D:4      | Paralysed by Grinder for 6 turns
  2361 | D:4      | Killed Grinder
  2361 | D:4      | Reached XP level 6. HP: 14/40 MP: 6/6
  2845 | D:4      | Reached skill level 5 in Fighting
  3253 | D:4      | Found a hazy altar of Hepliaklqana.
  3525 | D:4      | Reached XP level 7. HP: 44/44 MP: 7/7
  3707 | D:5      | Entered Level 5 of the Dungeon
  4100 | D:5      | Noticed Blork the orc
  4113 | D:5      | Killed Blork the orc
  4316 | D:5      | Identified the +4 scale mail of Jone {rF- Dex+4}
  4323 | D:5      | Noticed Duvessa
  4325 | D:5      | Noticed Dowan
  4337 | D:5      | Killed Duvessa
  4337 | D:5      | Reached skill level 5 in Armour
  4340 | D:5      | Killed Dowan
  4340 | D:5      | Reached XP level 8. HP: 35/51 MP: 8/8
  4573 | D:5      | Found Karchigez's Assorted Antiques.
  4605 | D:5      | Reached skill level 6 in Fighting
  4610 | D:5      | Reached skill level 5 in Axes
  4751 | D:5      | Found a shimmering blue altar of Sif Muna.
  5037 | D:6      | Noticed a yak
  5038 | D:6      | Noticed a yak
  5039 | D:6      | Noticed a yak
  5041 | D:6      | Noticed a yak
  5042 | D:6      | Noticed a yak
  5044 | D:6      | Reached *** piety under Trog
  5047 | D:6      | HP: 1/51 [yak (11)]
  5048 | D:6      | Slain by a yak

Levels and vault maps discovered:
D:1:      dpeg_arrival_shelter, layout_basic, minmay_misc_feat_iff
D:2:      layout_rooms, minivault_25, hex_tiny, uniq_jessica,
          uniq_crazy_yiuf_cottage
D:3:      layout_basic, marbit_many_paths, first_ration
D:4:      layout_layer_cave, lemuel_crystal_altar, minmay_temple_entry_slanted,
          uniq_grinder
D:5:      layout_basic, serial_shops, nicolae_shop_window_shopping,
          roderic_st_hans_cross, tgw_sif, uniq_blork_the_orc, uniq_duvessa
D:6:      lemuel_castle_with_subvaults [lemuel_castle_interior_carwin_3],
          layout_basic, nicolae_xom_altar_mimics, gup_sewer_entry_bubbles
Temple:   regret_index_temple_generic_petals

Skill      XL: |  1  2  3  4  5  6  7  8 |
---------------+-------------------------+-----
Axes           | 3 4 5 |  5.1
Dodging        | 2 3 4 |  4.2
Armour         | 3 4 5 |  5.6
Fighting       | 4 5 6 |  6.2

Action                   |  1- 3 |  4- 6 |  7- 9 || total
-------------------------+-------+-------+-------++-------
Melee: Hand axe          |    73 |   140 |       ||   213
       War axe           |       |     2 |   125 ||   127
Invok: Berserk           |       |     3 |     3 ||     6
       Trog's Hand       |       |     3 |     1 ||     4
 Stab: Sleeping          |     2 |     5 |     1 ||     8
       Distracted        |       |     1 |     1 ||     2
  Eat: Chunk             |       |     8 |     5 ||    13
       Ration            |       |     1 |     1 ||     2
Armor: Animal skin       |    26 |    51 |    50 ||   127
Dodge: Dodged            |    47 |    88 |   108 ||   243
